BSA
KENILWORTH ACES @ KALAMAZOO ROYALE WITH CHEESE
08/15/2029
 
TOP OF THE 1ST
Kenilworth Aces batting - Pitching for Kalamazoo Royale with Cheese : LHP Jason Simpson
Pitching: LHP Jason Simpson
Batting: LHB Barrett Waters 0-0: Ground out 6-3 (Groundball, 6)
Batting: LHB Roy Patrick 0-0: Ground out 4-3 (Groundball, 34)
Batting: SHB Julián Madrid 0-0: Ball
1-0: Ball
2-0: Fly out, F7 (Flyball, 78S)
Top of the 1st over - 0 runs, 0 hits, 0 errors, 0 left on base; Kenilworth 0 - Kalamazoo 0
BOTTOM OF THE 1ST
Kalamazoo Royale with Cheese batting - Pitching for Kenilworth Aces : RHP Curt Watkins
Pitching: RHP Curt Watkins
Batting: LHB Javier Espinoza 0-0: Ground out 4-3 (Groundball, 4)
Batting: SHB Caden Keith 0-0: Foul Ball, location: 2F
0-1: Swinging Strike
0-2: Ball
1-2: Foul Ball, location: 2F
1-2: Ball
2-2: Foul Ball, location: 2F
2-2: Foul Ball, location: 2F
2-2: Strikes out looking
Batting: LHB Vincente Sáenz 0-0: Ball
1-0: Ball
2-0: Called Strike
2-1: SINGLE (Line Drive, 5L)
Batting: LHB Roberto Sandoval 0-0: Ball
1-0: Ball
2-0: Ball
3-0: Foul Ball, location: 2F
3-1: Called Strike
3-2: Foul Ball, location: 2F
3-2: Strikes out looking
Bottom of the 1st over - 0 runs, 1 hit, 0 errors, 1 left on base; Kenilworth 0 - Kalamazoo 0
TOP OF THE 2ND
Kenilworth Aces batting - Pitching for Kalamazoo Royale with Cheese : LHP Jason Simpson
Batting: RHB Jorge Jiménez 0-0: Swinging Strike
0-1: Ball
1-1: Ground out 5-3 (Groundball, 5)
Batting: LHB Roberto García 0-0: Ball
1-0: Ball
2-0: Ball
3-0: Called Strike
3-1: Called Strike
3-2: Base on Balls
Batting: RHB Andrés Lara 0-0: Ball
1-0: Swinging Strike
1-1: Swinging Strike
1-2: 2-RUN HOME RUN (Flyball, 7LD), Distance : 357 ft
Batting: RHB Wilbert Rodgers 0-0: Ground out 1-3 (Groundball, P)
Batting: LHB Jim Jensen 0-0: Called Strike
0-1: Swinging Strike
0-2: Foul Ball, location: 2F
0-2: Ball
1-2: Strikes out swinging
Top of the 2nd over - 2 runs, 1 hit, 0 errors, 0 left on base; Kenilworth 2 - Kalamazoo 0
BOTTOM OF THE 2ND
Kalamazoo Royale with Cheese batting - Pitching for Kenilworth Aces : RHP Curt Watkins
Batting: RHB Zander Tremblett 0-0: Ball
1-0: Fly out, F9 (Flyball, 9)
Batting: LHB Bill McJannett 0-0: Called Strike
0-1: Ball
1-1: Ball
2-1: Ball
3-1: Called Strike
3-2: Base on Balls
Batting: LHB Ron Robinson 0-0: Swinging Strike
0-1: Ball
Pickoff Throw by Catcher to First - Error! E2
Bill McJannett to second
1-1: SINGLE (Groundball, 34D)
Bill McJannett to third
Runner from 3rd tries for Home, SAFE, throw made home
Batting: LHB Francisco Calderón 0-0: Ball
1-0: Ball
Ron Robinson is caught stealing 2nd base
2-0: Foul Ball, location: 2F
2-1: Foul Ball, location: 2F
2-2: Fly out, F7 (Flyball, 7S)
Bottom of the 2nd over - 1 run, 1 hit, 1 error, 0 left on base; Kenilworth 2 - Kalamazoo 1
TOP OF THE 3RD
Kenilworth Aces batting - Pitching for Kalamazoo Royale with Cheese : LHP Jason Simpson
Batting: RHB Taylor McFarland 0-0: Called Strike
0-1: Ball
1-1: Fly out, F8 (Flyball, 8LM)
Batting: LHB Barrett Waters 0-0: Called Strike
0-1: Ball
1-1: Ball
2-1: Called Strike
2-2: Ball
3-2: Ground out 6-3 (Groundball, 6S)
Batting: LHB Roy Patrick 0-0: Ball
1-0: Swinging Strike
1-1: Fly out, F7 (Flyball, 7S)
Top of the 3rd over - 0 runs, 0 hits, 0 errors, 0 left on base; Kenilworth 2 - Kalamazoo 1
BOTTOM OF THE 3RD
Kalamazoo Royale with Cheese batting - Pitching for Kenilworth Aces : RHP Curt Watkins
Batting: LHB Keith Tillman 0-0: Fly out, F9 (Flyball, 9)
Batting: LHB Javier Espinoza 0-0: Foul Ball, location: 2F
0-1: Called Strike
0-2: Foul Ball, location: 2F
0-2: Ball
1-2: SINGLE (Groundball, 6MD)
Batting: SHB Caden Keith 0-0: Ball
1-0: Called Strike
1-1: Foul Ball, location: 2F
1-2: Ball
2-2: Fly out, F8 (Flyball, 8LD)
Batting: LHB Vincente Sáenz 0-0: SINGLE (Groundball, 4MD)
Javier Espinoza to second
Runner from 2nd tries for 3rd, SAFE, no throw
Batting: LHB Roberto Sandoval 0-0: Ball
1-0: Ball
2-0: Ball
3-0: Called Strike
3-1: Base on Balls
Vincente Sáenz to second
Batting: RHB Zander Tremblett 0-0: Ball
1-0: Fly out, F9 (Flyball, 9)
Bottom of the 3rd over - 0 runs, 2 hits, 0 errors, 3 left on base; Kenilworth 2 - Kalamazoo 1
TOP OF THE 4TH
Kenilworth Aces batting - Pitching for Kalamazoo Royale with Cheese : LHP Jason Simpson
Batting: SHB Julián Madrid 0-0: Foul Ball, location: 2F
0-1: Ground out 4-3 (Groundball, 4)
Batting: RHB Jorge Jiménez 0-0: Ball
1-0: Foul Ball, location: 2F
1-1: Fly out, F8 (Flyball, 8LD)
Batting: LHB Roberto García 0-0: Ball
1-0: Called Strike
1-1: Ground out U3 (Groundball, 3)
Top of the 4th over - 0 runs, 0 hits, 0 errors, 0 left on base; Kenilworth 2 - Kalamazoo 1
BOTTOM OF THE 4TH
Kalamazoo Royale with Cheese batting - Pitching for Kenilworth Aces : RHP Curt Watkins
Batting: LHB Bill McJannett 0-0: SOLO HOME RUN (Flyball, 9LD), Distance : 428 ft
Batting: LHB Ron Robinson 0-0: Ball
1-0: Foul Ball, location: 2F
1-1: Ball
2-1: Foul Ball, location: 2F
2-2: SINGLE (Line Drive, 6MD)
Batting: LHB Francisco Calderón 0-0: Ball
1-0: Swinging Strike
1-1: Grounds into double play, 4-6-3 (Groundball, 34)
Batting: LHB Keith Tillman 0-0: DOUBLE (Line Drive, 9LM)
Batting: LHB Javier Espinoza 0-0: Ball
1-0: Foul Ball, location: 2F
1-1: Ball
2-1: Swinging Strike
2-2: Foul Ball, location: 2F
2-2: Ball
3-2: Foul Ball, location: 2F
3-2: Foul Ball, location: 2F
3-2: Ground out 1-3 (Groundball, 15)
Bottom of the 4th over - 1 run, 3 hits, 0 errors, 1 left on base; Kenilworth 2 - Kalamazoo 2
TOP OF THE 5TH
Kenilworth Aces batting - Pitching for Kalamazoo Royale with Cheese : LHP Jason Simpson
Batting: RHB Andrés Lara 0-0: Ball
1-0: Fly out, F3 (Popup, 3SF)
Batting: RHB Wilbert Rodgers 0-0: Foul Ball, location: 2F
0-1: Called Strike
0-2: Ball
1-2: Ball
2-2: Ground out 5-3 (Groundball, 56S)
Batting: LHB Jim Jensen 0-0: Called Strike
0-1: Ball
1-1: Called Strike
1-2: Fly out, F9 (Flyball, 89M)
Top of the 5th over - 0 runs, 0 hits, 0 errors, 0 left on base; Kenilworth 2 - Kalamazoo 2
BOTTOM OF THE 5TH
Kalamazoo Royale with Cheese batting - Pitching for Kenilworth Aces : RHP Curt Watkins
Batting: SHB Caden Keith 0-0: Called Strike
0-1: Ball
1-1: Foul Ball, location: 2F
1-2: Fly out, F8 (Line Drive, 8RXD)
Batting: LHB Vincente Sáenz 0-0: Ball
1-0: Ball
2-0: Fly out, F7 (Line Drive, 7)
Batting: LHB Roberto Sandoval 0-0: Ball
1-0: Swinging Strike
1-1: Called Strike
1-2: Strikes out swinging
Bottom of the 5th over - 0 runs, 0 hits, 0 errors, 0 left on base; Kenilworth 2 - Kalamazoo 2
TOP OF THE 6TH
Kenilworth Aces batting - Pitching for Kalamazoo Royale with Cheese : LHP Jason Simpson
Batting: RHB Taylor McFarland 0-0: Ball
1-0: Called Strike
1-1: Called Strike
1-2: Ground out 6-3 (Groundball, 6)
Batting: LHB Barrett Waters 0-0: Bunted foul
0-1: Ball
1-1: SINGLE (Line Drive, 8LS)
Batting: LHB Roy Patrick 0-0: Swinging Strike
0-1: Foul Ball, location: 2F
0-2: Strikes out looking
Batting: SHB Julián Madrid 0-0: Ball
1-0: Called Strike
1-1: Ball
2-1: Ball
3-1: Called Strike
3-2: SINGLE (Flyball, 89M)
Barrett Waters to second
Barrett Waters to third
Batting: RHB Jorge Jiménez 0-0: Fielders Choice at 2nd, 5-4 (Groundball, 56)
Top of the 6th over - 0 runs, 2 hits, 0 errors, 2 left on base; Kenilworth 2 - Kalamazoo 2
BOTTOM OF THE 6TH
Kalamazoo Royale with Cheese batting - Pitching for Kenilworth Aces : RHP Curt Watkins
Batting: RHB Zander Tremblett 0-0: Ball
1-0: Ball
2-0: Ball
3-0: Called Strike
3-1: Swinging Strike
3-2: Strikes out swinging
Batting: LHB Bill McJannett 0-0: Ball
1-0: Swinging Strike
1-1: Ball
2-1: Called Strike
2-2: Ball
3-2: Foul Ball, location: 2F
3-2: Base on Balls
Pitching: RHP Bartolo García
Batting: LHB Ron Robinson 0-0: Foul Ball, location: 2F
0-1: DOUBLE (Line Drive, 7LM)
Bill McJannett to third
Runner from 3rd tries for Home, SAFE, no throw
Batting: LHB Francisco Calderón 0-0: Intentional Walk
Batting: LHB Keith Tillman 0-0: Called Strike
0-1: Called Strike
0-2: Fly out, F9 (Flyball, 89D)
Runner from 2nd tags up, SAFE at 3rd, no throw
Batting: LHB Javier Espinoza 0-0: Ball
1-0: Foul Ball, location: 2F
1-1: Fielders Choice at 2nd, 5-4 (Groundball, 56)
Bottom of the 6th over - 1 run, 1 hit, 0 errors, 2 left on base; Kenilworth 2 - Kalamazoo 3
TOP OF THE 7TH
Kenilworth Aces batting - Pitching for Kalamazoo Royale with Cheese : LHP Jason Simpson
Batting: LHB Roberto García 0-0: Called Strike
0-1: Foul Ball, location: 2F
0-2: Fly out, F4 (Flyball, 34D)
Batting: RHB Andrés Lara 0-0: Foul Ball, location: 2F
0-1: Ball
1-1: Fly out, F7 (Flyball, 78D)
Batting: RHB Wilbert Rodgers 0-0: Swinging Strike
0-1: Fly out, F7 (Flyball, 78D)
Top of the 7th over - 0 runs, 0 hits, 0 errors, 0 left on base; Kenilworth 2 - Kalamazoo 3
BOTTOM OF THE 7TH
Kalamazoo Royale with Cheese batting - Pitching for Kenilworth Aces : RHP Bartolo García
Batting: SHB Caden Keith 0-0: DOUBLE (Flyball, 8LXD)
Batting: LHB Vincente Sáenz 0-0: Ball
1-0: Called Strike
1-1: Ball
2-1: Foul Ball, location: 2F
2-2: Foul Ball, location: 2F
2-2: Ball
3-2: Foul Ball, location: 2F
3-2: SINGLE (Groundball, 34D)
Caden Keith to third
Batting: LHB Roberto Sandoval 0-0: SINGLE (Line Drive, 4MD)
Caden Keith scores
Vincente Sáenz to second
Batting: RHB Zander Tremblett 0-0: Ball
1-0: Ball
2-0: Grounds out, U3 (Groundball, 3L)
Vincente Sáenz to third
Batting: LHB Bill McJannett 0-0: Called Strike
0-1: Ball
1-1: Foul Ball, location: 2F
1-2: Strikes out looking
Batting: LHB Ron Robinson 0-0: Foul Ball, location: 2F
0-1: Ground out 4-3 (Groundball, 4)
Bottom of the 7th over - 1 run, 3 hits, 0 errors, 2 left on base; Kenilworth 2 - Kalamazoo 4
TOP OF THE 8TH
Kenilworth Aces batting - Pitching for Kalamazoo Royale with Cheese : LHP Jason Simpson
Batting: LHB Jim Jensen 0-0: Ball
1-0: Ball
2-0: Ball
3-0: Called Strike
3-1: Reached on error, E4 (Groundball, 4M)
Pitching: RHP Roberto Ledesma
Batting: RHB Taylor McFarland 0-0: Swinging Strike
0-1: Ball
1-1: Ball
2-1: Swinging Strike
2-2: Strikes out looking
Pitching: LHP Carlos Thomas
Batting: LHB Barrett Waters 0-0: Ball
1-0: Foul Ball, location: 2F
1-1: SINGLE (Line Drive, 4) (infield hit)
Jim Jensen to second
Batting: LHB Roy Patrick 0-0: Ball
1-0: Swinging Strike
1-1: Foul Ball, location: 2F
1-2: Strikes out swinging
Pitching: RHP Rikiya Sakurai
Batting: SHB Julián Madrid 0-0: Ball
1-0: Foul Ball, location: 2F
1-1: Foul Ball, location: 2F
1-2: Fly out, F9 (Flyball, 9)
Top of the 8th over - 0 runs, 1 hit, 1 error, 2 left on base; Kenilworth 2 - Kalamazoo 4
BOTTOM OF THE 8TH
Kalamazoo Royale with Cheese batting - Pitching for Kenilworth Aces : RHP Bartolo García
Batting: LHB Francisco Calderón 0-0: Ball
1-0: Swinging Strike
1-1: Ground out 5-3 (Groundball, 5)
Batting: LHB Keith Tillman 0-0: Swinging Strike
0-1: Ball
1-1: SINGLE (Flyball, 89S)
Batting: LHB Javier Espinoza 0-0: Ball
1-0: Reached on error, E4 (Groundball, 4)
Keith Tillman to second
Batting: SHB Caden Keith 0-0: Ball
1-0: Ball
2-0: Swinging Strike
2-1: Fielders Choice at 2nd, 1-6 (Groundball, 13)
Keith Tillman to third
Batting: LHB Vincente Sáenz 0-0: Called Strike
0-1: Ball
1-1: Ball
2-1: Foul Ball, location: 2F
2-2: Foul Ball, location: 2F
2-2: Ground out 5-3 (Groundball, 56S)
Bottom of the 8th over - 0 runs, 1 hit, 1 error, 2 left on base; Kenilworth 2 - Kalamazoo 4
TOP OF THE 9TH
Kenilworth Aces batting - Pitching for Kalamazoo Royale with Cheese : RHP Rikiya Sakurai
Batting: RHB Jorge Jiménez 0-0: Ball
1-0: Called Strike
1-1: Ball
2-1: Ball
3-1: Ground out U3 (Groundball, 3)
Batting: LHB Roberto García 0-0: Ball
1-0: Ball
2-0: Ball
3-0: Foul Ball, location: 2F
3-1: Foul Ball, location: 2F
3-2: Ground out U3 (Groundball, 3)
Batting: RHB Andrés Lara 0-0: Fly out, F9 (Flyball, 89S)
Top of the 9th over - 0 runs, 0 hits, 0 errors, 0 left on base; Kenilworth 2 - Kalamazoo 4
Saturday, December 16th, 2017 - OOTP Baseball 18.8 Build 76